TOP OF THE 1ST |
Richmond Flairs batting - Pitching for Tuscaloosa Trout Slayers : RHP Iván Maldonado
|
Pitching: RHP Iván Maldonado
|
|
Batting: RHB Lonson Seals
|
0-0: SINGLE (Groundball, 6D)
|
Batting: RHB Iván De Jesús
|
0-0: Swinging Strike 0-1: Ball Lonson Seals is caught stealing 2nd base 1-1: SINGLE (Groundball, 6MD)
|
Batting: LHB Luis Villa
|
0-0: Ball 1-0: Ground out U3 (Groundball, 3S) Iván De Jesús to second
|
Batting: LHB Sean Nicks
|
0-0: Ball 1-0: Foul Ball, location: 2F 1-1: Ball 2-1: Ball 3-1: SINGLE (Line Drive, 9S) Iván De Jesús to third
|
Batting: LHB Roland Jones
|
0-0: Called Strike 0-1: Ball 1-1: SINGLE (Flyball, 7S) Iván De Jesús scores Sean Nicks to second
|
Batting: RHB Miguel Hernández
|
0-0: SINGLE (Flyball, 7LS) Sean Nicks to third Roland Jones to second
|
Batting: LHB R.J. Courtney
|
0-0: SINGLE (Flyball, 9S) Sean Nicks scores Roland Jones to third Miguel Hernández to second Runner from 3rd tries for Home, SAFE, no throw
|
Batting: RHB Christian Hudson
|
0-0: Ball 1-0: Foul Ball, location: 2F 1-1: DOUBLE (Line Drive, 3D) Miguel Hernández scores R.J. Courtney to third
|
Batting: SHB Carlos Reyes
|
0-0: Called Strike 0-1: Ball 1-1: Ball 2-1: SINGLE (Groundball, P) (infield hit) R.J. Courtney scores Christian Hudson to third
|
Batting: RHB Lonson Seals
|
0-0: Ball 1-0: Called Strike 1-1: Ground out 1-3 (Groundball, 15S)
|
Top of the 1st over - 5 runs, 8 hits, 0 errors, 2 left on base; Richmond 5 - Tuscaloosa 0 |
BOTTOM OF THE 1ST |
Tuscaloosa Trout Slayers batting - Pitching for Richmond Flairs : RHP Alfonso Rodríguez
|
Pitching: RHP Alfonso Rodríguez
|
|
Batting: LHB Manuel Ortega
|
0-0: Ball 1-0: Called Strike 1-1: Ball 2-1: Called Strike 2-2: SINGLE (Line Drive, 6MD)
|
Batting: RHB José Fernández
|
0-0: Ball 1-0: Ball 2-0: Called Strike 2-1: Foul Ball, location: 2F 2-2: Foul Ball, location: 2F 2-2: Ball 3-2: DOUBLE (Flyball, 78D) Manuel Ortega to third Manuel Ortega scores
|
Batting: LHB Marcos Villarreal
|
0-0: Ball 1-0: Ball 2-0: Ball 3-0: Base on Balls
|
Batting: RHB Stephen Shaw
|
0-0: Swinging Strike 0-1: Ball 1-1: Ball 2-1: Ball 3-1: Base on Balls José Fernández to third Marcos Villarreal to second
|
Batting: LHB Miguel Rosa
|
0-0: Called Strike 0-1: Ball 1-1: Ball 2-1: Grounds into double play, 6-4-3 (Groundball, 6) José Fernández scores Marcos Villarreal to third
|
Batting: RHB Juan Reyes
|
0-0: Ball 1-0: Ball 2-0: Foul Ball, location: 2F 2-1: Swinging Strike 2-2: Strikes out looking
|
Bottom of the 1st over - 2 runs, 2 hits, 0 errors, 1 left on base; Richmond 5 - Tuscaloosa 2 |
TOP OF THE 2ND |
Richmond Flairs batting - Pitching for Tuscaloosa Trout Slayers : RHP Iván Maldonado
|
Batting: RHB Iván De Jesús
|
0-0: Ball 1-0: Fly out, F8 (Line Drive, 8LM)
|
Batting: LHB Luis Villa
|
0-0: Foul Ball, location: 2F 0-1: Ball 1-1: SOLO HOME RUN (Flyball, 9D), Distance : 384 ft
|
Batting: LHB Sean Nicks
|
0-0: SINGLE (Groundball, 4MD)
|
Batting: LHB Roland Jones
|
0-0: Foul Ball, location: 2F 0-1: Ball 1-1: Ball 2-1: Foul Ball, location: 2F 2-2: Foul Ball, location: 2F 2-2: Ball 3-2: Reached on error, E6 (Groundball, 6) Sean Nicks to second
|
Batting: RHB Miguel Hernández
|
0-0: Ball 1-0: Called Strike 1-1: Foul Ball, location: 2F 1-2: Ball 2-2: Ball 3-2: Strikes out swinging
|
Pitching: RHP Tim Lyons
|
|
Batting: LHB R.J. Courtney
|
0-0: Ground out 4-3 (Groundball, 4)
|
Top of the 2nd over - 1 run, 2 hits, 1 error, 2 left on base; Richmond 6 - Tuscaloosa 2 |
BOTTOM OF THE 2ND |
Tuscaloosa Trout Slayers batting - Pitching for Richmond Flairs : RHP Alfonso Rodríguez
|
Batting: RHB Greg Lee
|
0-0: Ball 1-0: Ball 2-0: Ground out 5-3 (Groundball, 56)
|
Batting: SHB António Ramírez
|
0-0: Swinging Strike 0-1: Ball 1-1: Foul Ball, location: 2F 1-2: Foul Ball, location: 2F 1-2: Ball 2-2: SINGLE (Groundball, 34D)
|
Batting: LHB Eddy Jefferson
|
0-0: DOUBLE (Line Drive, 89D) António Ramírez to third
|
Batting: LHB Manuel Ortega
|
0-0: Ball 1-0: Ball 2-0: Ball 3-0: Foul Ball, location: 2F 3-1: Ground out 5-3 (Groundball, 5L)
|
Batting: RHB José Fernández
|
0-0: Ball 1-0: SINGLE (Flyball, 8LS) António Ramírez scores Eddy Jefferson to third Runner from 3rd tries for Home, SAFE, no throw
|
Batting: LHB Marcos Villarreal
|
0-0: Ball 1-0: Foul Ball, location: 2F 1-1: Swinging Strike 1-2: Foul Ball, location: 2F 1-2: Ball 2-2: Ball 3-2: SINGLE (Line Drive, 7S) José Fernández to second José Fernández to third
|
Batting: RHB Stephen Shaw
|
0-0: Ball 1-0: Foul Ball, location: 2F 1-1: Ball 2-1: Ball 3-1: Base on Balls Marcos Villarreal to second
|
Batting: LHB Miguel Rosa
|
0-0: Ball 1-0: Fly out, F4 (Popup, 34S)
|
Bottom of the 2nd over - 2 runs, 4 hits, 0 errors, 3 left on base; Richmond 6 - Tuscaloosa 4 |
TOP OF THE 3RD |
Richmond Flairs batting - Pitching for Tuscaloosa Trout Slayers : RHP Tim Lyons
|
Batting: RHB Christian Hudson
|
0-0: Ball 1-0: Called Strike 1-1: Swinging Strike 1-2: Strikes out swinging
|
Batting: SHB Carlos Reyes
|
0-0: Called Strike 0-1: Ball 1-1: Foul Ball, location: 2F 1-2: Strikes out swinging
|
Batting: RHB Lonson Seals
|
0-0: Ground out U3 (Groundball, 3S)
|
Top of the 3rd over - 0 runs, 0 hits, 0 errors, 0 left on base; Richmond 6 - Tuscaloosa 4 |
BOTTOM OF THE 3RD |
Tuscaloosa Trout Slayers batting - Pitching for Richmond Flairs : RHP Alfonso Rodríguez
|
Batting: RHB Juan Reyes
|
0-0: Fly out, F8 (Flyball, 8RM)
|
Batting: RHB Greg Lee
|
0-0: Ball 1-0: Called Strike 1-1: Swinging Strike 1-2: Strikes out swinging
|
Batting: SHB António Ramírez
|
0-0: Ball 1-0: Ground out 4-3 (Groundball, 4)
|
Bottom of the 3rd over - 0 runs, 0 hits, 0 errors, 0 left on base; Richmond 6 - Tuscaloosa 4 |
TOP OF THE 4TH |
Richmond Flairs batting - Pitching for Tuscaloosa Trout Slayers : RHP Tim Lyons
|
Batting: RHB Iván De Jesús
|
0-0: SINGLE (Groundball, 56D)
|
Batting: LHB Luis Villa
|
0-0: Called Strike 0-1: Foul Ball, location: 2F 0-2: Ball 1-2: Ball 2-2: Ball 3-2: Fielders Choice at 2nd, 5-4 (Groundball, 56)
|
Batting: LHB Sean Nicks
|
0-0: SINGLE (Groundball, 4MD) Luis Villa to second Runner from 2nd tries for 3rd, SAFE, no throw
|
Batting: LHB Roland Jones
|
0-0: Ball 1-0: 3-RUN HOME RUN (Flyball, 9LD), Distance : 362 ft
|
Pitching: RHP Ronald Adams
|
|
Batting: RHB Miguel Hernández
|
0-0: Ball 1-0: SOLO HOME RUN (Flyball, 7LD), Distance : 348 ft
|
Batting: LHB R.J. Courtney
|
0-0: Called Strike 0-1: Ball 1-1: Foul Ball, location: 2F 1-2: Foul Ball, location: 2F 1-2: Foul Ball, location: 2F 1-2: Fly out, F6 (Popup, 6)
|
Batting: RHB Christian Hudson
|
0-0: Ball 1-0: Called Strike 1-1: Ball 2-1: Foul Ball, location: 2F 2-2: Foul Ball, location: 2F 2-2: Foul Ball, location: 2F 2-2: Foul Ball, location: 2F 2-2: SINGLE (Line Drive, 6MD)
|
Batting: SHB Carlos Reyes
|
0-0: SINGLE (Line Drive, 5L) Christian Hudson to second
|
Batting: RHB Lonson Seals
|
0-0: Swinging Strike 0-1: Ball 1-1: Ground out U3 (Groundball, 34)
|
Top of the 4th over - 4 runs, 6 hits, 0 errors, 2 left on base; Richmond 10 - Tuscaloosa 4 |
BOTTOM OF THE 4TH |
Tuscaloosa Trout Slayers batting - Pitching for Richmond Flairs : RHP Alfonso Rodríguez
|
Batting: LHB Eddy Jefferson
|
0-0: Called Strike 0-1: Swinging Strike 0-2: Ball 1-2: SINGLE (Line Drive, 78S)
|
Batting: LHB Manuel Ortega
|
0-0: Foul Ball, location: 2F 0-1: Called Strike 0-2: Ball 1-2: Ball 2-2: Ball 3-2: Foul Ball, location: 2F 3-2: Base on Balls Eddy Jefferson to second
|
Batting: RHB José Fernández
|
0-0: Ball Eddy Jefferson steals 3rd base 1-0: Called Strike 1-1: Ball Wild Pitch! Eddy Jefferson scores Manuel Ortega to second 2-1: Ball 3-1: Called Strike 3-2: Foul Ball, location: 2F 3-2: SINGLE (Flyball, 7LS) Manuel Ortega to third
|
Batting: LHB Marcos Villarreal
|
0-0: Ball 1-0: Ball 2-0: Ball 3-0: Base on Balls José Fernández to second
|
Batting: RHB Stephen Shaw
|
0-0: Called Strike 0-1: Called Strike 0-2: Ball 1-2: Fly out, F8 (Flyball, 8RM) Runner from 3rd tags up, SCORES, throw made
|
Batting: LHB Miguel Rosa
|
0-0: SINGLE (Line Drive, 9S) José Fernández to third Marcos Villarreal to second
|
Batting: RHB Juan Reyes
|
0-0: Ball 1-0: SINGLE (Groundball, 34D) José Fernández scores Marcos Villarreal to third Miguel Rosa to second
|
Batting: RHB Greg Lee
|
0-0: Ball 1-0: Swinging Strike 1-1: Swinging Strike 1-2: Ball 2-2: Foul Ball, location: 2F 2-2: Strikes out swinging
|
Batting: SHB António Ramírez
|
0-0: Swinging Strike 0-1: Ball 1-1: Swinging Strike 1-2: Ground out 4-3 (Groundball, 4S)
|
Bottom of the 4th over - 3 runs, 4 hits, 0 errors, 3 left on base; Richmond 10 - Tuscaloosa 7 |
TOP OF THE 5TH |
Richmond Flairs batting - Pitching for Tuscaloosa Trout Slayers : RHP Ronald Adams
|
Batting: RHB Iván De Jesús
|
0-0: Ball 1-0: Called Strike 1-1: Ground out 6-3 (Groundball, 6)
|
Batting: LHB Luis Villa
|
0-0: Ground out U3 (Groundball, 34S)
|
Batting: LHB Sean Nicks
|
0-0: Ball 1-0: Fly out, F9 (Flyball, 9LDF)
|
Top of the 5th over - 0 runs, 0 hits, 0 errors, 0 left on base; Richmond 10 - Tuscaloosa 7 |
BOTTOM OF THE 5TH |
Tuscaloosa Trout Slayers batting - Pitching for Richmond Flairs : RHP Alfonso Rodríguez
|
Batting: LHB Eddy Jefferson
|
0-0: Ball 1-0: Fly out, F8 (Flyball, 8RXD)
|
Batting: LHB Manuel Ortega
|
0-0: Called Strike 0-1: SINGLE (Line Drive, 56D)
|
Batting: RHB José Fernández
|
0-0: Ball 1-0: Swinging Strike 1-1: Grounds into double play, 6-4-3 (Groundball, 6)
|
Bottom of the 5th over - 0 runs, 1 hit, 0 errors, 0 left on base; Richmond 10 - Tuscaloosa 7 |
TOP OF THE 6TH |
Richmond Flairs batting - Pitching for Tuscaloosa Trout Slayers : RHP Ronald Adams
|
Batting: LHB Roland Jones
|
0-0: Ball 1-0: Swinging Strike 1-1: Fly out, F7 (Flyball, 7D)
|
Batting: RHB Miguel Hernández
|
0-0: Ball 1-0: Swinging Strike 1-1: Swinging Strike 1-2: Ball 2-2: Ground out 5-3 (Groundball, 5)
|
Batting: LHB R.J. Courtney
|
0-0: Ball 1-0: Fly out, F4 (Line Drive, 4)
|
Top of the 6th over - 0 runs, 0 hits, 0 errors, 0 left on base; Richmond 10 - Tuscaloosa 7 |
BOTTOM OF THE 6TH |
Tuscaloosa Trout Slayers batting - Pitching for Richmond Flairs : RHP Alfonso Rodríguez
|
Batting: LHB Marcos Villarreal
|
0-0: Foul Ball, location: 2F 0-1: Ball 1-1: Called Strike 1-2: Ball 2-2: Ground out 2-3 (Groundball, 2L)
|
Batting: RHB Stephen Shaw
|
0-0: Foul Ball, location: 2F 0-1: Foul Ball, location: 2F 0-2: SINGLE (Groundball, 6D)
|
Batting: LHB Miguel Rosa
|
0-0: SINGLE (Line Drive, 7S) Stephen Shaw to second
|
Batting: RHB Juan Reyes
|
0-0: Foul Ball, location: 2F 0-1: Swinging Strike 0-2: Fly out, F8 (Flyball, 8RXD) Runner from 2nd tags up, SAFE at 3rd, no throw
|
Batting: RHB Greg Lee
|
0-0: Ground out 4-3 (Groundball, 34)
|
Bottom of the 6th over - 0 runs, 2 hits, 0 errors, 2 left on base; Richmond 10 - Tuscaloosa 7 |
TOP OF THE 7TH |
Richmond Flairs batting - Pitching for Tuscaloosa Trout Slayers : RHP Ronald Adams
|
Batting: RHB Christian Hudson
|
0-0: Foul Ball, location: 2F 0-1: Swinging Strike 0-2: Ball 1-2: Foul Ball, location: 2F 1-2: Strikes out swinging
|
Batting: SHB Carlos Reyes
|
0-0: Swinging Strike 0-1: Ball 1-1: Swinging Strike 1-2: Foul Ball, location: 2F 1-2: Strikes out swinging
|
Batting: RHB Lonson Seals
|
0-0: Called Strike 0-1: Ball 1-1: Foul Ball, location: 2F 1-2: Strikes out swinging
|
Top of the 7th over - 0 runs, 0 hits, 0 errors, 0 left on base; Richmond 10 - Tuscaloosa 7 |
BOTTOM OF THE 7TH |
Tuscaloosa Trout Slayers batting - Pitching for Richmond Flairs : RHP Alfonso Rodríguez
|
Batting: SHB António Ramírez
|
0-0: Foul Ball, location: 2F 0-1: Ball 1-1: Ball 2-1: Foul Ball, location: 2F 2-2: DOUBLE (Flyball, 8RD)
|
Batting: LHB Eddy Jefferson
|
0-0: Called Strike 0-1: Ball 1-1: Foul Ball, location: 2F 1-2: Ball 2-2: Ball 3-2: Base on Balls
|
Batting: LHB Manuel Ortega
|
0-0: Ball 1-0: SINGLE (Groundball, 3D) António Ramírez to third Eddy Jefferson to second
|
Pitching: LHP José Morán
|
|
Batting: RHB José Fernández
|
0-0: Foul Ball, location: 2F 0-1: Ground out 6-3 (Groundball, 6S) António Ramírez scores Eddy Jefferson to third Manuel Ortega to second
|
Batting: LHB Marcos Villarreal
|
0-0: Called Strike 0-1: Ball 1-1: Ball 2-1: Ball Wild Pitch! Eddy Jefferson scores Manuel Ortega to third 3-1: Called Strike 3-2: Foul Ball, location: 2F 3-2: Strikes out looking
|
Batting: RHB Stephen Shaw
|
0-0: Called Strike 0-1: Foul Ball, location: 2F 0-2: Ball 1-2: Foul Ball, location: 2F 1-2: Ball 2-2: Ground out 6-3 (Groundball, 6)
|
Bottom of the 7th over - 2 runs, 2 hits, 0 errors, 1 left on base; Richmond 10 - Tuscaloosa 9 |
TOP OF THE 8TH |
Richmond Flairs batting - Pitching for Tuscaloosa Trout Slayers : RHP Ronald Adams
|
Batting: RHB Iván De Jesús
|
0-0: Ball 1-0: Swinging Strike 1-1: Ball 2-1: Ball 3-1: Ground out 5-3 (Groundball, 56S)
|
Batting: LHB Luis Villa
|
0-0: Foul Ball, location: 2F 0-1: Ball 1-1: Foul Ball, location: 2F 1-2: Foul Ball, location: 2F 1-2: Ball 2-2: Ball 3-2: Strikes out looking
|
Batting: LHB Sean Nicks
|
0-0: Fly out, F7 (Flyball, 7LD)
|
Top of the 8th over - 0 runs, 0 hits, 0 errors, 0 left on base; Richmond 10 - Tuscaloosa 9 |
BOTTOM OF THE 8TH |
Tuscaloosa Trout Slayers batting - Pitching for Richmond Flairs : LHP José Morán
|
Batting: LHB Miguel Rosa
|
0-0: Called Strike 0-1: Ball 1-1: Foul Ball, location: 2F 1-2: Strikes out swinging
|
Batting: RHB Juan Reyes
|
0-0: Ground out 5-3 (Groundball, 2L)
|
Batting: RHB Greg Lee
|
0-0: Called Strike 0-1: SINGLE (Groundball, 6MD)
|
Batting: SHB António Ramírez
|
0-0: Ball 1-0: Foul Ball, location: 2F 1-1: Ball 2-1: Swinging Strike 2-2: Ball 3-2: Fly out, F8 (Flyball, 89D)
|
Bottom of the 8th over - 0 runs, 1 hit, 0 errors, 1 left on base; Richmond 10 - Tuscaloosa 9 |
TOP OF THE 9TH |
Richmond Flairs batting - Pitching for Tuscaloosa Trout Slayers : RHP Ronald Adams
|
Batting: LHB Roland Jones
|
0-0: Fly out, F9 (Flyball, 89M)
|
Batting: RHB Miguel Hernández
|
0-0: Foul Ball, location: 2F 0-1: Ball 1-1: Swinging Strike 1-2: Ball 2-2: Foul Ball, location: 2F 2-2: Strikes out swinging
|
Batting: LHB R.J. Courtney
|
0-0: SINGLE (Flyball, 9LS)
|
Batting: RHB Christian Hudson
|
0-0: Called Strike 0-1: Ball 1-1: Fly out, F6 (Popup, 6S)
|
Top of the 9th over - 0 runs, 1 hit, 0 errors, 1 left on base; Richmond 10 - Tuscaloosa 9 |
BOTTOM OF THE 9TH |
Tuscaloosa Trout Slayers batting - Pitching for Richmond Flairs : LHP José Morán
|
Pinch Hitting: RHB Jason Saunders
|
0-0: Ball 1-0: Ball 2-0: Called Strike 2-1: Ball 3-1: SOLO HOME RUN (Line Drive, 7LD), Distance : 344 ft
|
Batting: LHB Manuel Ortega
|
0-0: Called Strike 0-1: Ball 1-1: Foul Ball, location: 2F 1-2: Ball 2-2: SOLO HOME RUN (Flyball, 89XD), Distance : 388 ft
|
Saturday, April 7th, 2018 - OOTP Baseball 18.8 Build 76
|
|